 Dungeon Crawl Stone Soup version 0.30-a0-339-g89bb51ec76 (webtiles) character file.

Game seed: 14004590011304400043

1149 p00ps00p the Fighter (level 8, -3/83 HPs)
             Began as a Hill Orc Fighter on Oct 31, 2022.
             Was an Initiate of Gozag.
             Killed by nerve-wracking pain
             ... invoked by an orc priest
              (12 damage)
             ... on level 6 of the Dungeon on Nov 1, 2022.
             The game lasted 00:09:06 (5108 turns).

p00ps00p the Fighter (Hill Orc Fighter)             Turns: 5108, Time: 00:09:07

Health: -3/83      AC:  9    Str: 19    XL:     8   Next: 38%
Magic:  8/8        EV:  9    Int:  8    God:    Gozag
Gold:   186        SH:  4    Dex: 12    Spells: 7/7 levels left

rFire   . . .      SeeInvis .    a - +0 war axe (elec)
rCold   . . .      Faith    .    c - +0 buckler
rNeg    . . .      Spirit   .    b - +0 scale mail
rPois   .          Reflect  .    m - +0 helmet
rElec   .          Harm     .    p - +0 cloak
rCorr   .          Rampage  .    (no gloves)
Will    .....                    (no boots)
Stlth   +.........               (no amulet)
HPRegen 0.33/turn                u - ring of Shadows {Umbra +Inv Stlth+}
MPRegen 0.11/turn                (no ring)

@: mighty, gold aura, wreathed by umbra, studying Shields
A: no striking features
a: Renounce Religion, Convert to Beogh, Evoke Invisibility, Potion Petition,
Call Merchant, Bribe Branch


You were on level 6 of the Dungeon.
You worshipped Gozag.
Gozag was aware of your devotion.
You visited 2 branches of the dungeon, and saw 7 of its levels.
You also visited: Sewer.

You collected 268 gold pieces.
You paid 82 gold pieces to Gozag.

Inventory:

Hand Weapons
 a - a +0 war axe of electrocution (weapon)
 i - a +2 war axe of flaming
Missiles
 j - 3 silver boomerangs (quivered)
 o - 29 poisoned darts
Armour
 b - a +0 scale mail (worn)
 c - a +0 buckler (worn)
 m - a +0 helmet (worn)
 p - a +0 cloak (worn)
Jewellery
 n - a ring of protection from fire
 q - an amulet of guardian spirit
 u - the ring of Shadows (left hand) {Umbra +Inv Stlth+}
   (You found it on level 6 of the Dungeon)

   [ring of stealth]

   It surrounds you with an aura of shadow, increasing your stealth and reducing
   the accuracy of all others within it.
   +Inv:      It lets you turn invisible.
   Stlth:     It makes you more stealthy.
Wands
 h - a wand of iceblast (24)
Potions
 e - 2 potions of attraction
 f - 4 potions of curing
 g - 2 potions of lignification
 k - a potion of degeneration {unknown}
 l - a potion of cancellation
 r - a potion of invisibility {unknown}
 s - a potion of mutation {unknown}
 t - 2 potions of flight


   Skills:
 + Level 12.0 Fighting
 - Level 2.7 Axes
 - Level 3.3 Armour
 - Level 3.3 Shields


You had 7 spell levels left.
You didn't know any spells.
Your spell library contained the following spells:

 Spells                   Type           Power      Damage    Failure   Level
 Kiss of Death            Conj/Necr      0%         2d5       86%         1
 Cigotuvi's Dreadful Rot  Necr/Pois/Air  0%         N/A       95%         2
 Poisonous Vapours        Pois/Air       0%         N/A       95%         2
 Confusing Touch          Hex            0%         N/A       99%         3
 Gell's Gravitas          Tloc           0%         N/A       99%         3
 Lesser Beckoning         Tloc           0%         N/A       99%         3
 Mephitic Cloud           Conj/Pois/Air  0%         N/A       99%         3
 Portal Projectile        Hex/Tloc       0%         N/A       99%         3
 Teleport Other           Tloc           0%         N/A       99%         3
 Tukima's Dance           Hex            0%         N/A       99%         3
 Dispel Undead            Necr           0%         3d6       100%        4
 Blade Hands              Tmut           0%         N/A       100%        5


Dungeon Overview and Level Annotations

Branches:
Dungeon (6/15)             Temple (1/1) D:5           Sewer (visited)

Altars:
Cheibriados
Dithmenos
Elyvilon
Fedhas
Gozag
Hepliaklqana
Kikubaaqudgha
Makhleb
Nemelex Xobeh
Okawaru
Qazlal
Sif Muna
Trog
Uskayaw
Wu Jian
Xom
Yredelemnul
Zin
The Shining One

Shops:
D:3 ?


Message History

The scorpion closely misses you.
The orc priest hits you but does no damage.
The water moccasin bites you but does no damage.
Unknown command.
You hit the water moccasin but do no damage.
The water moccasin is almost dead.
You hit the scorpion. You closely miss the orc priest.
You feel very sick. The water moccasin barely misses you.
The scorpion stings you. The orc priest closely misses you.
The water moccasin bites you.
The scorpion stings you but does no damage.
You slash the water moccasin!
You kill the water moccasin!
You hit the orc priest. You slash the scorpion!
You kill the scorpion!
You feel very sick.
An orc opens the door.
The orc throws a boomerang.
The boomerang hits you but does no damage.
The orc priest invokes the aid of Beogh against you.
Beogh smites you!
* * * LOW HITPOINT WARNING * * *
Something hits you but does no damage.
The orc throws a boomerang.
The boomerang hits you but does no damage.
The orc barely misses you.
The orc priest calls down the wrath of Beogh upon you.
Beogh smites you!
* * * LOW HITPOINT WARNING * * *
Your Fighting skill increases to level 12!
You feel better. Something hits you.
* * * LOW HITPOINT WARNING * * *
The orc priest closely misses you. You block the orc's attack.
Something hits you.
* * * LOW HITPOINT WARNING * * *
You feel very mighty all of a sudden. You block something's attack.
The orc throws a boomerang.
The boomerang closely misses you.
The orc priest calls down the wrath of Beogh upon you.
Pain shoots through your body!
You die...
Your body crumbles into a pile of gold.

.... ... ##...##.#
.......# ....
......# #..#
.###....' #..#
......oo######..#
#.....o{o....#..#
#.###.@####.#..#
#.....[..##.#..###
♣.
#...#.......#....#
♣~♣ ##.
#....#....#.##
♣♣.~
#........>...#.♣
♣~~♣
#########....#♣♣
♣♣P~♣
#......♣♣♣~~..
#.##......~~.~..~
#.##....#♣.P♣P~.~


You could see an orc priest and 3 orcs.

Vanquished Creatures
  A water moccasin (D:6)
  An ice beast (D:5)
  A phantom (D:4)
  Blork the orc (D:4)
  2 kobold brigands (Sewer)
  A necrophage (D:6)
  4 scorpions
  A hound (D:5)
  2 iguanas
  Ijyb (D:4)
  Natasha (twice) (D:4)
  An orc wizard (D:5)
  10 adders
  A white imp (D:4)
  An ufetubus (D:6)
  A worm (D:5)
  2 dart slugs
  11 orcs
  4 ball pythons
  3 endoplasms
  3 giant cockroaches
  3 goblins
  4 hobgoblins
  4 jackals
  14 kobolds
  7 quokkas
  A bat (D:2)
  3 frilled lizards (D:1)
  6 rats
96 creatures vanquished.

Vanquished Creatures (others)
  7 plants (D:6)
7 creatures vanquished.

Grand Total: 103 creatures vanquished

Notes
Turn   | Place    | Note
-------+----------+-------------------------------------------
     0 | D:1      | p00ps00p the Hill Orc Fighter began the quest for the Orb.
     0 | D:1      | Reached XP level 1. HP: 19/19 MP: 1/1
    47 | D:1      | Reached skill level 4 in Fighting
    53 | D:1      | Reached XP level 2. HP: 23/27 MP: 2/2
   512 | D:1      | Reached XP level 3. HP: 35/35 MP: 3/3
   519 | D:1      | Reached skill level 5 in Fighting
   820 | D:2      | Reached XP level 4. HP: 44/44 MP: 4/4
   896 | D:2      | Reached skill level 6 in Fighting
  1628 | D:3      | Reached XP level 5. HP: 41/51 MP: 5/5
  1757 | D:3      | Found Nereicai's Magic Scroll Shop.
  2205 | D:4      | Noticed Ijyb
  2215 | D:4      | Killed Ijyb
  2216 | D:4      | Reached skill level 7 in Fighting
  2246 | D:4      | Noticed Blork the orc
  2258 | D:4      | Killed Blork the orc
  2259 | D:4      | Reached skill level 8 in Fighting
  2259 | D:4      | Reached XP level 6. HP: 41/61 MP: 6/6
  2948 | D:4      | Noticed Natasha
  2953 | D:4      | Killed Natasha
  3191 | D:4      | Noticed Natasha
  3203 | D:4      | Killed Natasha
  3204 | D:4      | Reached skill level 9 in Fighting
  3294 | D:5      | Entered Level 5 of the Dungeon
  3323 | D:5      | Reached XP level 7. HP: 66/70 MP: 7/7
  3471 | D:5      | Reached skill level 10 in Fighting
  3543 | D:5      | Found a glowing drain.
  3567 | Sewer    | Entered a sewer
  3734 | Sewer    | Found a white marble altar of Elyvilon.
  3900 | D:5      | Reached skill level 11 in Fighting
  3900 | D:5      | Reached XP level 8. HP: 82/82 MP: 8/8
  3902 | D:5      | Found a staircase to the Ecumenical Temple.
  3921 | Temple   | Entered the Ecumenical Temple
  3988 | Temple   | Became a worshipper of Gozag Ym Sagoz the Greedy
  5005 | D:6      | Found the ring of Shadows {Umbra +Inv Stlth+}
  5107 | D:6      | Reached skill level 12 in Fighting
  5108 | D:6      | Killed from afar by an orc priest

Illustrated notes

Levels and vault maps discovered:
D:1:      shiori_arrival_maze, layout_rooms
D:2:      layout_basic
D:3:      layout_basic, serial_shops, nicolae_shop_window_shopping,
          small_statue_intersection, minmay_misc_feat_rows
D:4:      layout_basic, dreamdust_princess_bridge, uniq_natasha, uniq_ijyb,
          uniq_blork_the_orc
D:5:      layout_basic, minmay_temple_entry_offerings,
          cheibrodos_sewer_entry_bend
D:6:      layout_basic, gammafunk_temple_overflow_wave,
          minmay_misc_feat_columns, serial_bayou_crossing, uniq_sigmund
Temple:   compressed_dpeg_triangle_lava_temple

Skill      XL: |  1  2  3  4  5  6  7  8 |
---------------+-------------------------+-----
Fighting       | 4 5 6 8 9 11 12 | 12.0
Axes           | |  2.7
Armour         | |  3.3
Shields        | |  3.3

Action                   |  1- 3 |  4- 6 |  7- 9 || total
-------------------------+-------+-------+-------++-------
Melee: War axe           |    76 |   132 |    83 ||   291
  Use: Scroll            |       |    10 |       ||    10
       Potion            |       |       |     2 ||     2
Armor: Scale mail        |    37 |    69 |    59 ||   165
Dodge: Dodged            |    54 |    46 |    41 ||   141
Block: Buckler           |    18 |    21 |    19 ||    58

Table legend: (Time is in decaauts)
 A = Elapsed time spent in this place.
 B = Non-inter-level travel time spent in this place.
 C = Inter-level travel time spent in this place.
 D = Time resting spent in this place.
 E = Time spent auto-exploring this place.
 F = Levels seen in this place.
 G = Mean time per level.
                   A        B        C        D        E       F      G
               +--------+--------+--------+--------+--------+-----+--------+
         Total |   5271 |   5146 |    125 |    481 |   3458 |   8 |  658.9 |
       Dungeon |   4568 |   4461 |    107 |    481 |   2921 |   6 |  761.3 |
        Temple |    412 |    394 |     18 |      0 |    373 |   1 |  412.0 |
         Sewer |    290 |    290 |      0 |      0 |    163 |   1 |  290.0 |
               +--------+--------+--------+--------+--------+-----+--------+

Top non-repeatable levels by time:
     D:4: 1120 daAuts
     D:3: 1074 daAuts
     D:5: 918 daAuts
     D:1: 623 daAuts
     D:2: 551 daAuts
  Temple: 412 daAuts
   Sewer: 290 daAuts
     D:6: 279 daAuts
